 Dungeon Crawl Stone Soup version 0.27.1-35-g4d5d836560 (webtiles) character file.

Game seed: 1778963133791340989

347 acdeimund the Firebug (level 6, 43/43 HPs)
             Began as a Human Fire Elementalist on Jan 26, 2022.
             Was a Follower of Makhleb.
             Quit the game on level 3 of the Dungeon on May 1, 2022.
             The game lasted 00:24:22 (5692 turns).

acdeimund the Firebug (Human Fire Elementalist)     Turns: 5692, Time: 00:24:22

Health: 43/43      AC:  2    Str:  8    XL:     6   Next: 91%
Magic:  11/11      EV: 12    Int: 18    God:    Makhleb [*.....]
Gold:   98         SH:  0    Dex: 13    Spells: 3/11 levels left

rFire    . . .     SeeInvis .   b - +0 dagger
rCold    . . .     Faith    .   (no shield)
rNeg     . . .     Spirit   .   a - +0 robe
rPois    .         Reflect  .   (no helmet)
rElec    .         Harm     .   (no cloak)
rCorr    .         Rampage  .   (no gloves)
Will     .....                  (no boots)
Stlth    ++........             (no amulet)
HPRegen  0.14/turn              d - ring of wizardry
MPRegen  0.12/turn              (no ring)

@: no status effects
A: no striking features
a: Renounce Religion


You were on level 3 of the Dungeon.
You worshipped Makhleb.
Makhleb was aware of your devotion.
You visited 1 branch of the dungeon, and saw 3 of its levels.

You collected 98 gold pieces.

Inventory:

Hand Weapons
 b - a +0 dagger (weapon)
Missiles
 c - 2 throwing nets
Armour
 a - a +0 robe (worn)
Jewellery
 d - a ring of wizardry (left hand)
Scrolls
 f - a scroll of fog {unknown}
 g - 3 scrolls of identify
 j - a scroll of silence
Potions
 e - a potion of mutation {unknown}
 h - a potion of resistance
 i - a potion of curing


   Skills:
 + Level 1.6 Fighting
 + Level 2.9 Dodging
 + Level 3.0 Stealth
 * Level 3.4 Spellcasting
 * Level 3.0 Conjurations
 * Level 4.3 Fire Magic


You had 3 spell levels left.
You knew the following spells:

 Your Spells              Type           Power      Damage    Failure   Level
a - Foxfire               Conj/Fire      64%        2x1d7     1%          1
b - Sticky Flame          Conj/Fire      16%        2d4       14%         4
c - Conjure Flame         Conj/Fire      16%        6-21      4%          3

Your spell library contained the following spells:

 Spells                   Type           Power      Damage    Failure   Level
 Inner Flame              Hex/Fire       10%        N/A       8%          3
 Fireball                 Conj/Fire      8%         3d6       34%         5


Dungeon Overview and Level Annotations

Branches:
Dungeon (3/15)

Altars:
Makhleb
Beogh

Shops:
D:2 :

Annotations:
D:3 Robin


Message History

You are very lightly contaminated with residual magic.
Nothing appears to happen.
The orc closely misses you.
An orc comes into view. It is wielding a +0 mace.
Casting: Sticky Flame (quite dangerous; 14% risk of failure)
Confirm with . or Enter, or press ? or * to list all spells.
The spell is quite dangerous to cast (14% risk of failure)!
Continue anyway?
Aiming: Sticky Flame (quite dangerous; 14% risk of failure)
Press: ? - help, Shift-Dir - straight line, f/p - orc
Aim: an orc, wielding a +0 war axe and wearing a +0 chain mail of poison resistance (100% to hit)
The sticky flame hits the orc.
The orc is almost dead.
The orc is covered in liquid flames!
The orc shouts!
The orc burns!
You kill the orc!
Makhleb accepts your kill.
Your magical contamination has completely faded away.
Casting: Foxfire (safe; 1% risk of failure)
Press: ? - help, Q - select action, (/) - cycle Dir - look around, f - activate You conjure some foxfire!
The foxfire hits the orc.
The orc is heavily wounded.
The foxfire hits the orc.
The orc is heavily wounded.
Casting: Foxfire (safe; 1% risk of failure)
Press: ? - help, Q - select action, (/) - cycle Dir - look around, f - activate You conjure some foxfire!
The foxfire hits the orc.
You kill the orc!
Makhleb accepts your kill.
You start resting.
Your foxfire dissipates!
You start resting.
Magic restored.
Saving game... please wait.
Level annotation: Robin Welcome back, acdeimund the Human Fire Elementalist.
Blood and souls for Makhleb!
Press ? for a list of commands and other information.
Are you sure you want to abandon this character and quit the game? (Confirm with "yes".)

########## #.o......##
#.######..## #####.######...####
...##.#.....#.)##.##########
##.##.#.#.......@..........#
##.##.#.#.#.#.##).########.######
.#.##.#.#.....................)..
....o.#.#(#.#.##....#.####.......
#######.###.#.####....# #.......
.)....o..........'....# #<......
#######.##.......#....########'##
.................................
......................########.#.


There were no monsters in sight!

Vanquished Creatures
  A sky beast (D:3)
  A gnoll sergeant (D:3)
  7 gnolls (D:3)
  An adder (D:3)
  2 worms (D:3)
  2 dart slugs
  8 orcs (D:3)
  6 ball pythons
  10 endoplasms
  4 giant cockroaches
  13 goblins
  6 hobgoblins
  6 jackals
  5 kobolds
  4 quokkas
  9 bats
  5 rats
90 creatures vanquished.

Vanquished Creatures (collateral kills)
  A foxfire (D:2)
1 creature vanquished.

Vanquished Creatures (others)
  232 foxfires
232 creatures vanquished.

Grand Total: 323 creatures vanquished

Notes
Turn   | Place    | Note
-------+----------+-------------------------------------------
     0 | D:1      | acdeimund the Human Fire Elementalist began the quest for
                  | the Orb.
     0 | D:1      | Reached XP level 1. HP: 13/13 MP: 3/3
   182 | D:1      | Reached XP level 2. HP: 19/19 MP: 3/5
   912 | D:1      | Reached XP level 3. HP: 25/25 MP: 1/6
  1432 | D:1      | Found a faded altar of an unknown god.
  2169 | D:2      | Reached XP level 4. HP: 31/31 MP: 2/7
  2374 | D:2      | Found a burning altar of Makhleb.
  2384 | D:2      | Became a worshipper of Makhleb the Destroyer
  2632 | D:2      | Found Gixiumes's Book Shoppe.
  2840 | D:2      | Learned a level 4 spell: Sticky Flame
  3096 | D:3      | Noticed a gnoll sergeant
  3124 | D:3      | Reached skill level 1 in Fighting
  3155 | D:3      | Killed a gnoll sergeant
  3156 | D:3      | Reached XP level 5. HP: 28/37 MP: 1/9
  3611 | D:3      | Reached skill level 4 in Fire Magic
  3618 | D:3      | Learned a level 3 spell: Conjure Flame
  4064 | D:3      | Noticed a sky beast
  4310 | D:3      | Reached XP level 6. HP: 43/43 MP: 4/10
  4408 | D:3      | Killed a sky beast
  5337 | D:3      | Noticed Robin
  5389 | D:3      | Reached * piety under Makhleb
  5692 | D:3      | Upgraded the game from 0.27.1-34-g3ba077fa99 to
                  | 0.27.1-35-g4d5d836560
  5692 | D:3      | Quit the game

Illustrated notes

Levels and vault maps discovered:
D:1:      dpeg_arrival_ternary, layout_loops_corners,
          hellmonk_ecumenical_altar_defaced_shrine
D:2:      layout_rooms, basic_altar, serial_shops, nicolae_shop_stone,
          minmay_increasing_density
D:3:      kennysheep_goblin_castle, layout_basic

Skill      XL: |  1  2  3  4  5  6 |
---------------+-------------------+-----
Conjurations   | 2 3 |  3.0
Fighting       | 1 |  1.6
Fire Magic     | 4 |  4.3
Spellcasting   | 3 |  3.4
Stealth        | 3 |  3.0
Dodging        | |  2.9

Action                   |  1- 3 |  4- 6 || total
-------------------------+-------+-------++-------
Melee: Dagger            |    20 |    42 ||    62
 Cast: Foxfire           |    62 |    78 ||   140
       Sticky Flame      |       |    15 ||    15
       Conjure Flame     |       |     1 ||     1
  Use: Scroll            |       |     5 ||     5
       Potion            |       |     1 ||     1
 Stab: Sleeping          |     4 |     2 ||     6
Armor: Robe              |     9 |    23 ||    32
Dodge: Dodged            |    23 |    48 ||    71
